MLB
PITTSBURGH PIRATES @ MILWAUKEE BREWERS
06/28/2020
 
TOP OF THE 1ST
Pittsburgh Pirates batting - Pitching for Milwaukee Brewers : RHP Brandon Woodruff
Pitching: RHP Brandon Woodruff
Batting: LHB Adam Frazier 0-0: Ball
1-0: Ball
2-0: Ball
3-0: Called Strike
3-1: Bunt for hit to 15 - play at first, batter safe!
Batting: RHB Ke'Bryan Hayes 0-0: Foul Ball, location: 2F
0-1: Ball
1-1: Ball
2-1: Foul Ball, location: 2F
2-2: Ball
3-2: Fly out, F7 (Flyball, 7, EV 78.8 MPH)
Batting: SHB Bryan Reynolds 0-0: Ball
1-0: Called Strike
1-1: Called Strike
1-2: Ball
2-2: Fly out, F7 (Flyball, 78M, EV 83.1 MPH)
Batting: SHB Josh Bell 0-0: Called Strike
0-1: Ball
1-1: Foul Ball, location: 2F
1-2: Ball
2-2: Foul Ball, location: 2F
2-2: SINGLE (Groundball, 6D, EV 99.4 MPH)
Adam Frazier to second
Batting: LHB Gregory Polanco 0-0: Ball
1-0: Called Strike
1-1: Swinging Strike
1-2: Strikes out looking
Top of the 1st over - 0 runs, 2 hits, 0 errors, 2 left on base; Pittsburgh 0 - Milwaukee 0
BOTTOM OF THE 1ST
Milwaukee Brewers batting - Pitching for Pittsburgh Pirates : RHP Mitch Keller
Pitching: RHP Mitch Keller
Batting: RHB Lorenzo Cain 0-0: Foul Ball, location: 2F
0-1: Swinging Strike
0-2: Ball
1-2: Foul Ball, location: 2F
1-2: SOLO HOME RUN (Flyball, 7D, EV 93.1 MPH), Distance : 424 ft
Batting: RHB Avisail Garcia 0-0: Called Strike
0-1: Foul Ball, location: 2F
0-2: Strikes out swinging
Batting: LHB Christian Yelich 0-0: Ball
1-0: Ball
2-0: Called Strike
2-1: Ball
3-1: Base on Balls
Batting: LHB Omar Narvaez 0-0: Ball
1-0: Foul Ball, location: 2F
1-1: Ball
2-1: Foul Ball, location: 2F
2-2: Ball
Christian Yelich steals 2nd base
3-2: Strikes out swinging
Batting: LHB Brock Holt 0-0: Ball
1-0: Swinging Strike
1-1: Swinging Strike
1-2: Ground out 6-3 (Groundball, 6, EV 86.9 MPH)
Bottom of the 1st over - 1 run, 1 hit, 0 errors, 1 left on base; Pittsburgh 0 - Milwaukee 1
TOP OF THE 2ND
Pittsburgh Pirates batting - Pitching for Milwaukee Brewers : RHP Brandon Woodruff
Batting: LHB JT Riddle 0-0: Fly out, F5 (Popup, 25F, EV 76.9 MPH)
Batting: RHB Guillermo Heredia 0-0: Swinging Strike
0-1: Ball
1-1: Called Strike
1-2: Ball
2-2: Strikes out swinging
Batting: RHB Luke Maile 0-0: Ball
1-0: Called Strike
1-1: Fly out, F7 (Flyball, 78S, EV 93.8 MPH)
Top of the 2nd over - 0 runs, 0 hits, 0 errors, 0 left on base; Pittsburgh 0 - Milwaukee 1
BOTTOM OF THE 2ND
Milwaukee Brewers batting - Pitching for Pittsburgh Pirates : RHP Mitch Keller
Batting: LHB Eric Sogard 0-0: Called Strike
0-1: Foul Ball, location: 2F
0-2: Ground out 4-3 (Groundball, 4, EV 83.8 MPH)
Batting: LHB Jace Peterson 0-0: Ball
1-0: Fly out, F7 (Line Drive, 7, EV 89.4 MPH)
Batting: SHB Pedro Florimon 0-0: Called Strike
0-1: Ball
1-1: Ball
2-1: Ball
3-1: Called Strike
3-2: Strikes out swinging
Bottom of the 2nd over - 0 runs, 0 hits, 0 errors, 0 left on base; Pittsburgh 0 - Milwaukee 1
TOP OF THE 3RD
Pittsburgh Pirates batting - Pitching for Milwaukee Brewers : RHP Brandon Woodruff
Batting: RHB Mitch Keller 0-0: Ball
1-0: Ball
2-0: Called Strike
2-1: Ground out 4-3 (Groundball, 4, EV 97.5 MPH)
Batting: LHB Adam Frazier 0-0: Ball
1-0: DOUBLE (Line Drive, 3D, EV 105.0 MPH)
Batting: RHB Ke'Bryan Hayes 0-0: TRIPLE (Flyball, 89XD, EV 92.5 MPH)
Adam Frazier scores
Batting: SHB Bryan Reynolds 0-0: Ball
1-0: Foul Ball, location: 2F
1-1: Ball
2-1: Swinging Strike
2-2: Foul Ball, location: 2F
2-2: Foul Ball, location: 2F
2-2: SINGLE (Groundball, 5S, EV 75.6 MPH) (infield hit)
Ke'Bryan Hayes scores
Batting: SHB Josh Bell 0-0: Called Strike
0-1: Foul Ball, location: 2F
0-2: Ground out 5-3 (Groundball, 56, EV 106.9 MPH)
Bryan Reynolds to second
Batting: LHB Gregory Polanco 0-0: Ball
1-0: Called Strike
1-1: Called Strike
1-2: Ball
2-2: Ball
3-2: Strikes out swinging
Top of the 3rd over - 2 runs, 3 hits, 0 errors, 1 left on base; Pittsburgh 2 - Milwaukee 1
BOTTOM OF THE 3RD
Milwaukee Brewers batting - Pitching for Pittsburgh Pirates : RHP Mitch Keller
Batting: LHB Brandon Woodruff 0-0: Ball
1-0: Ground out 4-3 (Groundball, 13, EV 80.0 MPH)
Batting: RHB Lorenzo Cain 0-0: Ball
1-0: Ball
2-0: Ball
3-0: Swinging Strike
3-1: Base on Balls
Batting: RHB Avisail Garcia 0-0: Ball
1-0: Ball
2-0: 2-RUN HOME RUN (Flyball, 78XD, EV 98.8 MPH), Distance : 503 ft
Batting: LHB Christian Yelich 0-0: Ball
1-0: Ball
2-0: Swinging Strike
2-1: DOUBLE (Line Drive, 7LM, EV 105.6 MPH)
Batting: LHB Omar Narvaez 0-0: Ball
1-0: Foul Ball, location: 2F
1-1: Swinging Strike
1-2: Foul Ball, location: 2F
1-2: Ball
2-2: Strikes out looking
Batting: LHB Brock Holt 0-0: Ball
1-0: Called Strike
1-1: Ball
Wild Pitch!
Christian Yelich to third
2-1: Ball
3-1: Called Strike
3-2: Ground out 6-3 (Groundball, 6MS, EV 82.5 MPH)
Bottom of the 3rd over - 2 runs, 2 hits, 0 errors, 1 left on base; Pittsburgh 2 - Milwaukee 3
TOP OF THE 4TH
Pittsburgh Pirates batting - Pitching for Milwaukee Brewers : RHP Brandon Woodruff
Batting: LHB JT Riddle 0-0: Foul Ball, location: 2F
0-1: Ball
1-1: Ball
2-1: Ball
3-1: Base on Balls
Batting: RHB Guillermo Heredia 0-0: Fly out, F3 (Popup, 3SF, EV 86.3 MPH)
Batting: RHB Luke Maile 0-0: Called Strike
0-1: Ball
1-1: Fly out, F6 (Flyball, 56D, EV 83.8 MPH)
Batting: RHB Mitch Keller 0-0: Called Strike
0-1: Called Strike
0-2: Strikes out swinging
Top of the 4th over - 0 runs, 0 hits, 0 errors, 1 left on base; Pittsburgh 2 - Milwaukee 3
BOTTOM OF THE 4TH
Milwaukee Brewers batting - Pitching for Pittsburgh Pirates : RHP Mitch Keller
Batting: LHB Eric Sogard 0-0: Fly out, F7 (Line Drive, 7, EV 89.4 MPH)
Batting: LHB Jace Peterson 0-0: Called Strike
0-1: Ball
1-1: Swinging Strike
1-2: Foul Ball, location: 2F
1-2: Ball
2-2: Foul Ball, location: 2F
2-2: Ball
3-2: Base on Balls
Batting: SHB Pedro Florimon 0-0: Called Strike
0-1: Ball
1-1: Foul Ball, location: 2F
1-2: Strikes out looking
Batting: LHB Brandon Woodruff 0-0: Swinging Strike
0-1: Foul Ball, location: 2F
0-2: Ball
1-2: Strikes out swinging
Bottom of the 4th over - 0 runs, 0 hits, 0 errors, 1 left on base; Pittsburgh 2 - Milwaukee 3
TOP OF THE 5TH
Pittsburgh Pirates batting - Pitching for Milwaukee Brewers : RHP Brandon Woodruff
Batting: LHB Adam Frazier 0-0: SINGLE (Flyball, 56D, EV 90.6 MPH)
Batting: RHB Ke'Bryan Hayes 0-0: Called Strike
0-1: Swinging Strike
0-2: Ball
1-2: Ball
2-2: Grounds into double play, 3-6-1 (Groundball, 34, EV 83.1 MPH)
Batting: SHB Bryan Reynolds 0-0: Ball
1-0: Ball
2-0: Ball
3-0: Called Strike
3-1: Called Strike
3-2: Ground out U3 (Groundball, 3, EV 81.3 MPH)
Top of the 5th over - 0 runs, 1 hit, 0 errors, 0 left on base; Pittsburgh 2 - Milwaukee 3
BOTTOM OF THE 5TH
Milwaukee Brewers batting - Pitching for Pittsburgh Pirates : RHP Mitch Keller
Batting: RHB Lorenzo Cain 0-0: Ball
1-0: Swinging Strike
1-1: Called Strike
1-2: Strikes out swinging
Batting: RHB Avisail Garcia 0-0: Ball
1-0: Ball
2-0: Ground out 6-3 (Groundball, 6, EV 95.0 MPH)
Batting: LHB Christian Yelich 0-0: Ball
1-0: Foul Ball, location: 2F
1-1: DOUBLE (Line Drive, 89D, EV 106.3 MPH)
Batting: LHB Omar Narvaez 0-0: Called Strike
0-1: Ball
1-1: Called Strike
1-2: Foul Ball, location: 2F
1-2: Fly out, F7 (Line Drive, 7D, EV 85.0 MPH)
Bottom of the 5th over - 0 runs, 1 hit, 0 errors, 1 left on base; Pittsburgh 2 - Milwaukee 3
TOP OF THE 6TH
Pittsburgh Pirates batting - Pitching for Milwaukee Brewers : RHP Brandon Woodruff
Batting: SHB Josh Bell 0-0: Foul Ball, location: 2F
0-1: Ball
1-1: Foul Ball, location: 2F
1-2: Ball
2-2: Foul Ball, location: 2F
2-2: Ball
3-2: Foul Ball, location: 2F
3-2: Foul Ball, location: 2F
3-2: DOUBLE (Line Drive, 9LD, EV 107.5 MPH)
Pitching: RHP Ray Black
Batting: LHB Gregory Polanco 0-0: Ball
1-0: Ball
2-0: Ball
3-0: Called Strike
3-1: Called Strike
3-2: Base on Balls
Batting: LHB JT Riddle 0-0: Foul Ball, location: 2F
0-1: Swinging Strike
0-2: Ball
1-2: Foul Ball, location: 2F
1-2: Ball
2-2: Reached on error, E4 (Groundball, 4M, EV 100.6 MPH)
Josh Bell to third
Gregory Polanco to second
Batting: RHB Guillermo Heredia 0-0: SINGLE (Flyball, 34D, EV 85.6 MPH)
Josh Bell scores
Gregory Polanco to third
JT Riddle to second
Batting: RHB Luke Maile 0-0: Called Strike
0-1: Ball
1-1: Swinging Strike
1-2: Foul Ball, location: 2F
1-2: Strikes out looking
Pinch Hitting: LHB Colin Moran 0-0: Ball
1-0: Foul Ball, location: 2F
1-1: Called Strike
1-2: Foul Ball, location: 2F
1-2: Strikes out swinging
Pitching: LHP Alex Claudio
Batting: LHB Adam Frazier 0-0: Ball
1-0: Ball
2-0: Swinging Strike
2-1: Called Strike
2-2: Ground out 4-3 (Groundball, 4, EV 83.8 MPH)
Top of the 6th over - 1 run, 2 hits, 1 error, 3 left on base; Pittsburgh 3 - Milwaukee 3
BOTTOM OF THE 6TH
Milwaukee Brewers batting - Pitching for Pittsburgh Pirates : RHP Mitch Keller
Pitching: RHP Richard Rodriguez
Batting: LHB Brock Holt 0-0: Called Strike
0-1: Ball
1-1: Foul Ball, location: 2F
1-2: Strikes out swinging
Batting: LHB Eric Sogard 0-0: Ball
1-0: Foul Ball, location: 2F
1-1: SINGLE (Line Drive, 4MD, EV 94.4 MPH)
Batting: LHB Jace Peterson 0-0: Ball
1-0: Ball
2-0: Swinging Strike
2-1: Grounds into double play, 6-4-3 (Groundball, 6, EV 81.3 MPH)
Bottom of the 6th over - 0 runs, 1 hit, 0 errors, 0 left on base; Pittsburgh 3 - Milwaukee 3
TOP OF THE 7TH
Pittsburgh Pirates batting - Pitching for Milwaukee Brewers : LHP Alex Claudio
Batting: RHB Ke'Bryan Hayes 0-0: Ball
1-0: Ground out 5-3 (Groundball, 5L, EV 105.6 MPH)
Batting: SHB Bryan Reynolds 0-0: Ball
1-0: Fly out, F4 (Line Drive, 4, EV 74.4 MPH)
Batting: SHB Josh Bell 0-0: Called Strike
0-1: Swinging Strike
0-2: Ball
1-2: Ball
2-2: Foul Ball, location: 2F
2-2: DOUBLE (Line Drive, 7LD, EV 98.1 MPH)
Batting: LHB Gregory Polanco 0-0: Intentional Walk
Batting: LHB JT Riddle 0-0: Ball
1-0: Fly out, F6 (Line Drive, 6, EV 68.8 MPH)
Top of the 7th over - 0 runs, 1 hit, 0 errors, 2 left on base; Pittsburgh 3 - Milwaukee 3
BOTTOM OF THE 7TH
Milwaukee Brewers batting - Pitching for Pittsburgh Pirates : RHP Richard Rodriguez
Batting: SHB Pedro Florimon 0-0: Reached on error, E3 (Groundball, 3L, EV 102.5 MPH)
Pinch Hitting: RHB Keston Hiura 0-0: Ball
1-0: Called Strike
1-1: Foul Ball, location: 2F
1-2: Foul Ball, location: 2F
1-2: Ball
2-2: Foul Ball, location: 2F
2-2: Foul Ball, location: 2F
2-2: Strikes out swinging
Pitching: RHP Kyle Crick
Batting: RHB Lorenzo Cain 0-0: Called Strike
Pedro Florimon is caught stealing 2nd base 2-4
0-1: Called Strike
0-2: Ball
1-2: Ball
2-2: Foul Ball, location: 2F
2-2: Ball
3-2: Base on Balls
Batting: RHB Avisail Garcia 0-0: Ball
1-0: Ball
2-0: Ground out 2-3 (Groundball, 15S, EV 73.8 MPH)
Bottom of the 7th over - 0 runs, 0 hits, 1 error, 1 left on base; Pittsburgh 3 - Milwaukee 3
TOP OF THE 8TH
Pittsburgh Pirates batting - Pitching for Milwaukee Brewers : LHP Alex Claudio
Pitching: RHP Devin Williams
Batting: RHB Guillermo Heredia 0-0: Foul Ball, location: 2F
0-1: Foul Ball, location: 2F
0-2: Ground out 4-3 (Groundball, 34, EV 80.6 MPH)
Batting: RHB Luke Maile 0-0: Foul Ball, location: 2F
0-1: Fly out, F8 (Line Drive, 8RM, EV 90.0 MPH)
Pinch Hitting: LHB Jarrod Dyson 0-0: Called Strike
0-1: Foul Ball, location: 2F
0-2: Fly out, F7 (Flyball, 7S, EV 81.3 MPH)
Top of the 8th over - 0 runs, 0 hits, 0 errors, 0 left on base; Pittsburgh 3 - Milwaukee 3
BOTTOM OF THE 8TH
Milwaukee Brewers batting - Pitching for Pittsburgh Pirates : RHP Kyle Crick
Pitching: RHP Dovydas Neverauskas
Batting: LHB Christian Yelich 0-0: Ball
1-0: Ball
2-0: Ball
3-0: Base on Balls
Batting: LHB Omar Narvaez 0-0: Ball
1-0: Ball
2-0: Called Strike
Christian Yelich is caught stealing 2nd base 2-6
2-1: Foul Ball, location: 2F
2-2: Ground out 3-1 (Groundball, 23, EV 78.1 MPH)
Batting: LHB Brock Holt 0-0: Foul Ball, location: 2F
0-1: Ball
1-1: Ground out 5-3 (Groundball, 56, EV 79.4 MPH)
Bottom of the 8th over - 0 runs, 0 hits, 0 errors, 0 left on base; Pittsburgh 3 - Milwaukee 3
TOP OF THE 9TH
Pittsburgh Pirates batting - Pitching for Milwaukee Brewers : RHP Devin Williams
Pitching: LHP Josh Hader
Now at 1B: Ryan Braun
Batting: LHB Adam Frazier 0-0: Ball
1-0: Fly out, F8 (Flyball, 8LM, EV 93.1 MPH)
Batting: RHB Ke'Bryan Hayes 0-0: Foul Ball, location: 2F
0-1: Ball
1-1: Swinging Strike
1-2: Ball
2-2: Strikes out swinging
Batting: SHB Bryan Reynolds 0-0: Called Strike
0-1: Ball
1-1: Ball
2-1: Foul Ball, location: 2F
2-2: Fly out, F3 (Flyball, 34D, EV 78.1 MPH)
Top of the 9th over - 0 runs, 0 hits, 0 errors, 0 left on base; Pittsburgh 3 - Milwaukee 3
BOTTOM OF THE 9TH
Milwaukee Brewers batting - Pitching for Pittsburgh Pirates : RHP Dovydas Neverauskas
Batting: LHB Eric Sogard 0-0: Ball
1-0: Ball
2-0: Called Strike
2-1: Foul Ball, location: 2F
2-2: Ball
3-2: Foul Ball, location: 2F
3-2: Base on Balls
Batting: LHB Jace Peterson 0-0: Foul Ball, location: 2F
0-1: Foul Ball, location: 2F
0-2: SINGLE (Groundball, 34, EV 94.4 MPH)
Eric Sogard to second
Runner from 2nd tries for 3rd, SAFE, throw by RF made to third
Pinch Hitting: LHB Ben Gamel 0-0: Called Strike
0-1: Ball
1-1: Ball
2-1: Ball
3-1: Swinging Strike
3-2: SINGLE (Line Drive, 9S, EV 98.8 MPH)
Eric Sogard scores
Bottom of the 9th over - 1 run, 2 hits, 0 errors, 0 left on base; Pittsburgh 3 - Milwaukee 4
Saturday, July 4th, 2020 - OOTP Baseball 21.4 Build 63